 Dungeon Crawl Stone Soup version 0.21-a0-426-g98080a9 (webtiles) character file.

4659 varam the Cleaver (level 10, -8/90 HPs)
             Began as a Hill Orc Fighter on Nov 4, 2017.
             Was a High Priest of Beogh.
             Mangled by a two-headed ogre
             ... wielding a +0 giant club
              (10 damage)
             ... on level 9 of the Dungeon on Nov 5, 2017.
             The game lasted 00:26:59 (9345 turns).

varam the Cleaver (Hill Orc Fighter)                Turns: 9345, Time: 00:26:59

Health: -8/90      AC:  8    Str: 21    XL:     10   Next: 43%
Magic:  16/17      EV:  9    Int:  8    God:    Beogh [*****.]
Gold:   494        SH: 11    Dex: 12    Spells: 9/9 levels left

rFire    . . .     SeeInvis .   a - +0 war axe
rCold    . . .     Gourm    .   c - +0 shield
rNeg     . . .     Faith    .   I - +2 leather armour {rPois}
rPois    +         Spirit   .   N - +0 helmet
rElec    .         Reflect  .   B - +0 cloak
rCorr    .         Harm     .   (no gloves)
MR       .....                  (no boots)
Stlth    +.........             (no amulet)
HPRegen  0.25/turn              p - ring of wizardry
MPRegen  0.15/turn              m - +5 ring of protection

@: corroded
A: walk on water
a: Smiting, Recall Orcish Followers, Give Item to Named Follower, Renounce
Religion


You were on level 9 of the Dungeon.
You worshipped Beogh.
Beogh was extremely pleased with you.
You were not hungry.

You visited 1 branch of the dungeon, and saw 9 of its levels.

You collected 494 gold pieces.

Inventory:

Hand Weapons
 a - a +0 war axe (weapon)
 U - a cursed +0 lajatang
Missiles
 H - 8 tomahawks (quivered)
 M - 6 javelins
Armour
 b - a +0 scale mail
 c - a +0 shield (worn)
 B - a +0 cloak (worn)
 I - a +2 leather armour of poison resistance (worn)
 N - a +0 helmet (worn)
 V - a +0 shield
Jewellery
 e - an uncursed ring of see invisible
 m - a +5 ring of protection (right hand)
 p - a ring of wizardry (left hand)
 F - an uncursed ring of protection from magic {unknown}
Wands
 o - a wand of random effects (14/48)
 y - a wand of flame (27/48)
 G - a wand of disintegration (8/24)
 J - a wand of digging (9/24)
 Q - a wand of lightning (7/15)
 R - a wand of lightning (10/15)
Scrolls
 h - 3 scrolls of amnesia
 i - a scroll of magic mapping {unknown}
 l - a scroll of fog {unknown}
 n - 8 scrolls of remove curse
 q - 2 scrolls of immolation
 t - 5 scrolls of teleportation
 x - a scroll of blinking {unknown}
 D - a scroll of noise {unknown}
 L - 5 scrolls of identify
 P - a scroll of torment {unknown}
Potions
 d - 2 potions of might
 j - 3 potions of curing
 r - 2 potions of haste
 s - 3 potions of heal wounds
 u - a potion of cancellation {unknown}
 v - 2 potions of brilliance {unknown}
 w - 3 potions of degeneration
 z - 2 potions of agility {unknown}
 A - a potion of mutation {unknown}
 C - 2 potions of invisibility {unknown}
 E - a potion of resistance {unknown}
 S - 2 potions of berserk rage {unknown}
Books
 K - a book of Conjurations

   Spells                             Type                      Level
   a - Magic Dart                     Conjuration                  1
   b - Searing Ray                    Conjuration                  2
   c - Dazzling Spray                 Conjuration/Hexes            3
   d - Fulminant Prism                Conjuration/Hexes            4
   e - Force Lance                    Conjuration/Translocation    4
   f - Iskenderun's Mystic Blast      Conjuration                  4
Comestibles
 f - 3 bread rations
 g - 3 meat rations
 k - 8 royal jellies
 O - 3 fruits


   Skills:
 + Level 8.8 Fighting
 + Level 11.3 Axes
 - Level 4.2 Armour
 - Level 7.1 Shields
 + Level 10.5 Invocations


You had 9 spell levels left.
You didn't know any spells.

Dungeon Overview and Level Annotations

Branches:
Dungeon (9/15)             Temple (0/1) D:7
   Lair: D:8-11         Orc: D:9-12

Altars:
Gozag

Shops:
D:4 :*   D:5 :

Annotations:
D:9 Maurice


Message History

You hit the two-headed ogre but do no damage.
The wolf closely misses you.
Your orc wizard hits the two-headed ogre but does no damage.
Your orc barely misses the wolf.
Your orc priest hits the two-headed ogre.
Your orc knight hits the wolf from afar with a glaive!
The wolf dies!
Beogh accepts your kill.
You hear a zap.
A bolt of acid appears from out of thin air!
The bolt of acid hits you!
* * * LOW HITPOINT WARNING * * *
You are splashed with acid!
The acid burns!
* * * LOW HITPOINT WARNING * * *
The bolt of acid misses your orc knight.
The bolt of acid hits the crimson imp.
The crimson imp is splashed with acid.
The acid corrodes the crimson imp!
The crimson imp dies!
The two-headed ogre hits you with a giant club!
You die...

.............. .
.............
............ ...........
.......... ......o†.#
....)o)..#
..§..oOo.###############
.....(o@†...............
......†.................
...[....................
......##################
..[... ...... ..[...
....[


You could see a two-headed ogre, a friendly orc knight, a friendly orc priest, 2
friendly orc wizards and a friendly orc.

Vanquished Creatures
  The ghost of Ratty the Charlatan, an amateur GnAr (D:4)
  2 hippogriffs (D:8)
  Menkaure (D:4)
  3 water moccasins (D:4)
  An ice beast (D:8)
  A sky beast (D:4)
  A black bear (D:8)
  4 ogres
  A centaur (D:6)
  2 bullfrogs
  A gnoll sergeant (D:6)
  2 scorpions
  2 howler monkeys (D:8)
  A crimson imp (D:5)
  4 jellies
  A quasit (D:6)
  A gnoll shaman (D:4)
  4 orc priests
  A hound (D:5)
  Jessica (D:2)
  Terence (D:2)
  An iguana (D:5)
  Natasha (twice) (D:3)
  6 orc wizards
  2 worker ants
  2 hound zombies (D:5)
  A howler monkey zombie (D:5)
  Robin (D:4)
  10 gnolls
  10 adders
  A river rat (D:6)
  A shadow imp (D:8)
  10 oozes
  2 adder skeletons
  3 worms
  4 leopard geckos
  10 orcs
  2 ball pythons
  8 giant cockroaches
  3 hobgoblins
  6 jackals
  3 quokkas
  A bat (D:1)
  7 frilled lizards
  A giant cockroach zombie (D:5)
  16 goblins
  8 kobolds
  A leopard gecko skeleton (D:7)
  A leopard gecko zombie (D:6)
  2 quokka zombies
  7 rats
168 creatures vanquished.

Vanquished Creatures (collateral kills)
  A two-headed ogre (D:8)
  Prince Ribbit (D:7)
  A hippogriff (D:7)
  Grum (D:9)
  A black bear (D:7)
  An ice beast (D:8)
  An eye of draining (D:8)
  2 wolves (D:9)
  2 bullfrogs
  A scorpion (D:9)
  10 killer bees
  2 electric eels (D:8)
  A crimson imp (D:6)
  A bullfrog zombie (D:8)
  A hound (D:8)
  An orc priest (D:7)
  2 orc wizards (D:7)
  An iguana (D:9)
  2 worker ants
  A centaur simulacrum (D:8)
  A hound skeleton (D:8)
  3 gnolls (D:6)
  2 ufetubi (D:8)
  A worm (D:6)
  2 leopard geckos
  2 orcs
  3 jackals (D:7)
  A rat (D:6)
49 creatures vanquished.

Vanquished Creatures (others)
  An orc warrior (D:8)
  A crimson imp (D:9)
  3 orc priests
  An orc wizard (D:7)
  10 orcs
  5 fungi (D:4)
  7 toadstools (D:4)
28 creatures vanquished.

Grand Total: 245 creatures vanquished

Notes
Turn   | Place    | Note
-------+----------+-------------------------------------------
     0 | D:1      | varam the Hill Orc Fighter began the quest for the Orb.
     0 | D:1      | Reached XP level 1. HP: 19/19 MP: 1/1
   336 | D:1      | Reached skill level 3 in Axes
   336 | D:1      | Reached XP level 2. HP: 27/27 MP: 2/2
   782 | D:2      | Reached skill level 4 in Fighting
   782 | D:2      | Reached XP level 3. HP: 25/33 MP: 3/3
   958 | D:2      | Found a faded altar of an unknown god.
  1001 | D:2      | Became a worshipper of Beogh the Brigand
  1112 | D:2      | Noticed Jessica
  1122 | D:2      | Killed Jessica
  1122 | D:2      | Reached skill level 4 in Armour
  1122 | D:2      | Reached XP level 4. HP: 32/41 MP: 4/4
  1189 | D:2      | Reached skill level 4 in Shields
  1277 | D:2      | Found an opulent altar of Gozag.
  1319 | D:2      | Noticed Terence
  1332 | D:2      | Killed Terence
  1332 | D:2      | Reached skill level 4 in Axes
  1332 | D:2      | Reached XP level 5. HP: 47/47 MP: 5/5
  1728 | D:3      | Noticed Natasha
  1743 | D:3      | Killed Natasha
  1743 | D:3      | Reached * piety under Beogh
  1743 | D:3      | Reached skill level 1 in Invocations
  1879 | D:3      | Reached skill level 2 in Invocations
  1882 | D:3      | Reached XP level 6. HP: 24/53 MP: 7/7
  2252 | D:3      | Noticed Natasha
  2270 | D:3      | Killed Natasha
  3084 | D:4      | Noticed Ratty's ghost (amateur GnAr)
  3096 | D:5      | Entered Level 5 of the Dungeon
  3096 | D:5      | Found Jamebeiz's Book Emporium.
  3109 | D:5      | Reached skill level 5 in Axes
  3115 | D:5      | Upgraded the game from 0.21-a0-421-gfc1ce30 to 0.21-a0-426-g98080a9
  3394 | D:5      | Reached skill level 3 in Invocations
  3410 | D:5      | HP: 1/53 [ogre/giant club (17)]
  3765 | D:5      | Reached skill level 5 in Shields
  3855 | D:5      | Reached XP level 7. HP: 30/60 MP: 9/9
  4335 | D:4      | Found Iniess's Book Emporium.
  4347 | D:4      | Noticed Robin
  4349 | D:4      | Reached ** piety under Beogh
  4349 | D:4      | Reached skill level 4 in Invocations
  4357 | D:4      | Noticed Menkaure
  4359 | D:4      | HP: 6/60 [??? (4)]
  4667 | D:5      | Reached skill level 6 in Axes
  5177 | D:6      | Reached skill level 5 in Invocations
  5182 | D:6      | HP: 6/60 [orc wizard/magic dart (5)]
  5183 | D:6      | Reached skill level 6 in Shields
  5545 | D:4      | Reached XP level 8. HP: 19/67 MP: 10/12
  5555 | D:4      | Reached skill level 7 in Axes
  5956 | D:4      | Killed Robin
  5968 | D:4      | Reached skill level 6 in Invocations
  6106 | D:4      | Reached *** piety under Beogh
  6278 | D:4      | Killed Ratty's ghost
  6278 | D:4      | Reached skill level 8 in Axes
  6278 | D:4      | Reached skill level 7 in Shields
  6354 | D:4      | Reached skill level 7 in Invocations
  6620 | D:4      | Found Orchusmuta's Serpentskin Sales.
  6631 | D:4      | Reached skill level 5 in Fighting
  6636 | D:4      | Reached XP level 9. HP: 23/74 MP: 14/14
  6877 | D:4      | Killed Menkaure
  6877 | D:4      | Reached skill level 9 in Axes
  6916 | D:6      | Reached skill level 6 in Fighting
  6916 | D:6      | Reached skill level 8 in Invocations
  7615 | D:6      | Reached **** piety under Beogh
  7787 | D:7      | Noticed Prince Ribbit
  7808 | D:7      | Killed Prince Ribbit
  7808 | D:7      | Reached skill level 7 in Fighting
  7884 | D:7      | Reached skill level 10 in Axes
  7892 | D:7      | Gained Bladwarg as an ally
  7943 | D:7      | Reached skill level 9 in Invocations
  8224 | D:7      | Found a staircase to the Ecumenical Temple.
  8450 | D:8      | Reached XP level 10. HP: 57/88 MP: 17/17
  8458 | D:8      | Reached skill level 8 in Fighting
  8502 | D:8      | Gained Thorok as an ally
  8506 | D:8      | Noticed a two-headed ogre
  8516 | D:8      | Reached ***** piety under Beogh
  8519 | D:8      | Your ally Thorok died
  8521 | D:8      | Reached skill level 10 in Invocations
  8529 | D:8      | Your ally Bladwarg died
  8531 | D:8      | Killed a two-headed ogre
  8531 | D:8      | Reached skill level 11 in Axes
  9330 | D:9      | Noticed Maurice
  9330 | D:9      | Noticed Grum
  9334 | D:9      | Noticed a two-headed ogre
  9338 | D:9      | Killed Grum
  9345 | D:9      | HP: 2/90 [acid (12)]
  9345 | D:9      | Mangled by a two-headed ogre

Vault maps used:
D:1:      kilobyte_arrival_exit_the_forest, hangedman_decor_peaks_small,
          minmay_distorted
D:2:      cheibrodos_pilgrimage, nicolae_gozag_cash_rules_everything_around_me,
          chequers_ecumenical_altar_twisty, uniq_jessica, uniq_terence
D:3:      minmay_misc_feat_cross, grunt_ministairs_15, uniq_natasha
D:4:      cheibrodos_fertilizer, serial_shops, nicolae_shop_statue_plus,
          first_bread, guppyfry_shop_venom, uniq_crazy_yiuf_cottage,
          uniq_menkaure, uniq_robin
D:5:      serial_shops, nicolae_shop_trees, hangedman_decor_points
D:6:      gup_sewer_entry_spiral, nicolae_underground_beach
D:7:      lemuel_temple_firewalk_b, uniq_prince_ribbit1
D:8:      serial_ice, serial_ice_l, serial_ice_d, serial_ice_m, serial_ice_b,
          grunt_tough_drop
D:9:      lair_entry_dummy, hangedman_ranch, minmay_joined_circles, uniq_psyche,
          uniq_maurice, uniq_grum

Skill      XL: |  1  2  3  4  5  6  7  8  9 10 |
---------------+-------------------------------+-----
Axes           | 3 4 5 6 8 10 11 | 11.3
Fighting       | 4 5 7 8 |  8.8
Armour         | 4 |  4.2
Shields        | 4 5 6 7 |  7.1
Invocations    | 2 3 5 7 9 10 | 10.5

Action                   |  1- 3 |  4- 6 |  7- 9 | 10-12 || total
-------------------------+-------+-------+-------+-------++-------
Melee: War axe           |    49 |   214 |   457 |    56 ||   776
Invok: Convert to Beogh  |     1 |       |       |       ||     1
       Recall Orcish Fol |       |       |     1 |     1 ||     2
       Smiting           |       |       |       |     1 ||     1
Evoke: Wand              |       |       |     3 |       ||     3
  Use: Scroll            |       |       |     8 |       ||     8
       Potion            |       |       |     1 |       ||     1
 Stab: Distracted        |       |       |     1 |     1 ||     2
  Eat: Chunk             |       |    10 |     9 |     3 ||    22
       Fruit             |       |       |     2 |       ||     2
       Bread ration      |       |       |     1 |       ||     1
Armor: Scale mail        |    26 |   114 |    12 |       ||   152
       Leather armour    |       |       |   211 |    24 ||   235
Dodge: Dodged            |    13 |    52 |   177 |    18 ||   260
Block: Shield            |    19 |   103 |   254 |    33 ||   409

Table legend:
 A = Spawn XP
 B = Non-spawn XP
 C = Spawn XP percentage of total XP
 D = Spawn monster count
 E = Non-spawn monster count
 F = Spawn count percentage of total count
 G = Total turns spent on level
                    A         B        C        D         E        F      G
               +---------+---------+-------+---------+---------+-------+---------
         Total |       0 |    6657 |   0.0 |       0 |     219 |   0.0 |  9345
               +---------+---------+-------+---------+---------+-------+---------
           D:1 |       0 |      13 |   0.0 |       0 |       6 |   0.0 |   675
           D:2 |       0 |     198 |   0.0 |       0 |      27 |   0.0 |  1046
           D:3 |       0 |     167 |   0.0 |       0 |      19 |   0.0 |  1242
           D:4 |       0 |    1591 |   0.0 |       0 |      43 |   0.0 |  1623
           D:5 |       0 |     653 |   0.0 |       0 |      27 |   0.0 |  2203
           D:6 |       0 |     893 |   0.0 |       0 |      37 |   0.0 |   969
           D:7 |       0 |     942 |   0.0 |       0 |      25 |   0.0 |   653
           D:8 |       0 |    1679 |   0.0 |       0 |      24 |   0.0 |   890
           D:9 |       0 |     521 |   0.0 |       0 |      11 |   0.0 |    44
               +---------+---------+-------+---------+---------+-------+---------
